[Event "FICS rated blitz game"]
[Site "FICS freechess.org"]
[FICSGamesDBGameNo "20003269"]
[White "CaptainData"]
[Black "MeV"]
[WhiteElo "1390"]
[BlackElo "1395"]
[WhiteRD "na"]
[BlackRD "na"]
[TimeControl "120+12"]
[Date "1999.10.29"]
[Time "18:02:00"]
[WhiteClock "0:02:00.000"]
[BlackClock "0:02:00.000"]
[ECO "E00"]
[PlyCount "65"]
[Result "1-0"]

1. d4 Nf6 2. c4 e6 3. Bg5 Be7 4. Nc3 c5 5. d5 d6 6. Nf3 O-O 7. e4 e5 8. Bd3 Bg4 9. O-O a6 10. a4 Nbd7 11. Qb3 Bxf3 12. gxf3 Rb8 13. Kh1 Nh5 14. Be3 Bg5 15. Rg1 Nf4 16. Bf1 Qf6 17. Ne2 Qh6 18. Qc2 Nf6 19. Nxf4 Bxf4 20. Bxf4 Qxf4 21. Bg2 Nh5 22. Qc1 Qh4 23. Qe3 Nf4 24. Bf1 h5 25. Be2 f5 26. Rg3 Rf6 27. Rag1 g6 28. exf5 Rxf5 29. Bd3 Rf6 30. Bxg6 Nxg6 31. Qh6 Kf7 32. Rxg6 Qxf2 33. Rxf6+ {Black resigns} 1-0

[Event "FICS rated lightning game"]
[Site "FICS freechess.org"]
[FICSGamesDBGameNo "20003268"]
[White "unnamed"]
[Black "TheLock"]
[WhiteElo "1720"]
[BlackElo "1425"]
[WhiteRD "na"]
[BlackRD "na"]
[TimeControl "120+1"]
[Date "1999.10.29"]
[Time "17:35:00"]
[WhiteClock "0:02:00.000"]
[BlackClock "0:02:00.000"]
[ECO "B40"]
[PlyCount "63"]
[Result "0-1"]

1. e4 e6 2. Nf3 c5 3. c4 b6 4. d3 Bb7 5. Bf4 Nc6 6. Nc3 d6 7. e5 Nge7 8. exd6 Ng6 9. Bg5 Qxd6 10. Be3 Qc7 11. Ne2 Bd6 12. g3 O-O 13. Bf4 Nge5 14. Bxe5 Nxe5 15. Nxe5 Bxe5 16. Rg1 Bxb2 17. Rb1 Bd4 18. Nxd4 cxd4 19. Be2 e5 20. Bf3 Bxf3 21. Qxf3 f5 22. Ke2 e4 23. dxe4 fxe4 24. Qxe4 Rae8 25. Qxe8 Rxe8+ 26. Kf3 Qxc4 27. Kg2 Qd5+ 28. Kh3 d3 29. Rge1 Rxe1 30. Rxe1 d2 31. Re8+ Kf7 32. Re3 {White resigns} 0-1

[Event "FICS rated blitz game"]
[Site "FICS freechess.org"]
[FICSGamesDBGameNo "20003267"]
[White "rnolet"]
[Black "gkinf"]
[WhiteElo "1431"]
[BlackElo "1377"]
[WhiteRD "na"]
[BlackRD "na"]
[TimeControl "180+0"]
[Date "1999.10.29"]
[Time "17:15:00"]
[WhiteClock "0:03:00.000"]
[BlackClock "0:03:00.000"]
[ECO "E00"]
[PlyCount "113"]
[Result "1-0"]

1. d4 e6 2. c4 b6 3. Nc3 Nf6 4. e4 Bb7 5. e5 Ne4 6. Nf3 Bb4 7. Bd2 Nxd2 8. Qxd2 Bxf3 9. gxf3 O-O 10. a3 Bxc3 11. Qxc3 Qg5 12. Qe3 Qxe3+ 13. fxe3 d6 14. Rg1 dxe5 15. dxe5 Nc6 16. f4 Na5 17. h4 Nxc4 18. Bxc4 c5 19. h5 Rfd8 20. Ke2 a6 21. Bd3 b5 22. Be4 Rac8 23. Rgd1 Rxd1 24. Rxd1 Kf8 25. Rd6 a5 26. Rb6 b4 27. axb4 axb4 28. b3 Ke8 29. Bxh7 Ra8 30. Bc2 Ra2 31. Kd3 Ra1 32. Rc6 Rh1 33. Rxc5 Rxh5 34. Rb5 f6 35. Rxb4 fxe5 36. fxe5 Rxe5 37. Re4 Rd5+ 38. Kc4 Kf7 39. b4 Ke7 40. b5 Kd7 41. Ba4 Kd6 42. Rd4 Rxd4+ 43. exd4 g5 44. Kd3 Kd5 45. Bb3+ Kd6 46. Bd1 Kc7 47. Bf3 Kb6 48. Bc6 g4 49. Ke3 g3 50. Kf3 g2 51. Kxg2 Kc7 52. Kf3 Kd6 53. Ke4 Kc7 54. Ke5 Kb6 55. Kxe6 Kc7 56. d5 Kc8 57. Ke7 {Black resigns} 1-0

[Event "FICS rated blitz game"]
[Site "FICS freechess.org"]
[FICSGamesDBGameNo "20003264"]
[White "cfrye"]
[Black "DrBollocks"]
[WhiteElo "1426"]
[BlackElo "1341"]
[WhiteRD "na"]
[BlackRD "na"]
[TimeControl "300+0"]
[Date "1999.10.29"]
[Time "16:15:00"]
[WhiteClock "0:05:00.000"]
[BlackClock "0:05:00.000"]
[ECO "C21"]
[PlyCount "90"]
[Result "0-1"]

1. e4 e5 2. d4 exd4 3. c3 Nf6 4. e5 Nd5 5. Nf3 d6 6. Bc4 Nb6 7. Bb3 dxe5 8. Nxe5 Be6 9. Bxe6 fxe6 10. Qf3 Qf6 11. Qe4 c6 12. O-O Bd6 13. Ng4 Qe7 14. cxd4 O-O 15. f4 Nd5 16. g3 Nd7 17. Nc3 Nxc3 18. bxc3 Nf6 19. Qf3 Nxg4 20. Qxg4 Qf6 21. Bd2 Qf5 22. Qxf5 exf5 23. Rfe1 g6 24. Re6 Bc7 25. Rae1 Bb6 26. Re7 Rf7 27. Rxf7 Kxf7 28. Be3 Re8 29. c4 Bxd4 30. Kf2 Bxe3+ 31. Rxe3 Rxe3 32. Kxe3 Ke6 33. Kd4 Kd6 34. c5+ Ke6 35. a4 b6 36. h3 bxc5+ 37. Kxc5 Kd7 38. a5 Kc7 39. h4 a6 40. h5 gxh5 41. Kd4 Kd6 42. Kc4 c5 43. Kb3 Kd5 44. Kc3 c4 45. Kb4 Kd4 {White resigns} 0-1

[Event "FICS rated blitz game"]
[Site "FICS freechess.org"]
[FICSGamesDBGameNo "20003263"]
[White "MLiberato"]
[Black "BoomBoom"]
[WhiteElo "1485"]
[BlackElo "1409"]
[WhiteRD "na"]
[BlackRD "na"]
[TimeControl "300+0"]
[Date "1999.10.29"]
[Time "16:15:00"]
[WhiteClock "0:05:00.000"]
[BlackClock "0:05:00.000"]
[ECO "C02"]
[PlyCount "59"]
[Result "1-0"]

1. e4 e6 2. d4 d5 3. e5 c5 4. c3 Nc6 5. Bb5 Qb6 6. Bxc6+ bxc6 7. Ne2 cxd4 8. Nxd4 Ba6 9. Qa4 Bc5 10. Qxc6+ Qxc6 11. Nxc6 Ne7 12. Nd4 O-O 13. Be3 Ng6 14. f4 Bxd4 15. cxd4 Rac8 16. Nc3 Rb8 17. b3 Rfc8 18. Rc1 Ne7 19. Kd2 Nf5 20. g4 Nh4 21. Bf2 Ng6 22. Be3 Nh4 23. Bf2 Ng6 24. Ke3 Rb7 25. h4 Rbc7 26. Be1 f5 27. h5 Ne7 28. g5 Kf7 29. Bd2 Nc6 30. Na4 {Black resigns} 1-0

[Event "FICS rated blitz game"]
[Site "FICS freechess.org"]
[FICSGamesDBGameNo "20003262"]
[White "Transby"]
[Black "bima"]
[WhiteElo "1543"]
[BlackElo "1632"]
[WhiteRD "na"]
[BlackRD "na"]
[TimeControl "300+0"]
[Date "1999.10.29"]
[Time "15:30:00"]
[WhiteClock "0:05:00.000"]
[BlackClock "0:05:00.000"]
[ECO "C06"]
[PlyCount "58"]
[Result "0-1"]

1. e4 e6 2. d4 d5 3. Nd2 Nf6 4. e5 Nfd7 5. Bd3 c5 6. c3 Nc6 7. Ne2 Qb6 8. Nf3 f6 9. exf6 Nxf6 10. O-O cxd4 11. cxd4 Bd6 12. a3 O-O 13. b4 Bd7 14. Bf4 Qc7 15. Bxd6 Qxd6 16. Ng3 Rae8 17. Re1 e5 18. dxe5 Nxe5 19. Nxe5 Rxe5 20. Qb3 Rfe8 21. Red1 Be6 22. Bc4 dxc4 23. Qa4 Qc6 24. b5 Qb6 25. h3 Bf7 26. Qc2 Qxb5 27. Rab1 Qc6 28. f4 Re3 29. Nf5 Re2 {White resigns} 0-1

[Event "FICS rated blitz game"]
[Site "FICS freechess.org"]
[FICSGamesDBGameNo "20003260"]
[White "Cadfile"]
[Black "Erekose"]
[WhiteElo "1425"]
[BlackElo "1592"]
[WhiteRD "na"]
[BlackRD "na"]
[TimeControl "300+0"]
[Date "1999.10.29"]
[Time "14:54:00"]
[WhiteClock "0:05:00.000"]
[BlackClock "0:05:00.000"]
[ECO "A07"]
[PlyCount "98"]
[Result "0-1"]

1. Nf3 d5 2. g3 Nf6 3. Bg2 g6 4. O-O Bg7 5. d3 O-O 6. Re1 c5 7. Nc3 Nc6 8. h3 a6 9. Kh2 Qc7 10. e4 e6 11. e5 Nd7 12. Bf4 b5 13. d4 cxd4 14. Nxd4 Qb6 15. Nxc6 Qxc6 16. Rc1 Bb7 17. Qe2 Nb6 18. b3 Qxc3 19. Be3 Qc7 20. Bd4 Rac8 21. c3 Nd7 22. f4 Rfd8 23. g4 Nc5 24. f5 exf5 25. gxf5 Ne4 26. f6 Bxf6 27. Kh1 Bxe5 28. Bxe4 dxe4 29. Qg4 e3+ 30. Kg1 Bh2+ 31. Kf1 Qf4+ 32. Qxf4 Bxf4 33. Bxe3 Bxe3 34. Rxe3 Re8 35. Rce1 Kf8 36. Kf2 Rxe3 37. Rxe3 Re8 38. Rd3 Re7 39. a4 f5 40. axb5 axb5 41. b4 Kf7 42. h4 Be4 43. Rd4 Ke6 44. Ke3 Rd7 45. Kf4 Rxd4 46. cxd4 Kd5 47. Kg5 Kxd4 48. Kh6 f4 49. Kxh7 f3 {White resigns} 0-1

[Event "FICS rated lightning game"]
[Site "FICS freechess.org"]
[FICSGamesDBGameNo "20003259"]
[White "Bage"]
[Black "Hammondite"]
[WhiteElo "1549"]
[BlackElo "1399"]
[WhiteRD "na"]
[BlackRD "na"]
[TimeControl "120+0"]
[Date "1999.10.29"]
[Time "14:40:00"]
[WhiteClock "0:02:00.000"]
[BlackClock "0:02:00.000"]
[ECO "B01"]
[PlyCount "51"]
[Result "1-0"]

1. e4 d5 2. exd5 Qxd5 3. d4 e5 4. Nf3 exd4 5. Nxd4 Nf6 6. Nc3 Bb4 7. Be3 O-O 8. Bd3 Nc6 9. Nxc6 Bxc3+ 10. bxc3 Qxc6 11. Bd4 Re8+ 12. Be2 Ne4 13. c4 Bf5 14. O-O Rad8 15. Bf3 Qxc4 16. c3 Nd6 17. Re1 Rxe1+ 18. Qxe1 Re8 19. Qd2 h6 20. Re1 Bg6 21. Rxe8+ Nxe8 22. Bxb7 Qe6 23. Be3 Nd6 24. Bf3 Qf6 25. Bxh6 Kh7 26. Be3 {Black forfeits on time} 1-0

[Event "FICS rated blitz game"]
[Site "FICS freechess.org"]
[FICSGamesDBGameNo "20003258"]
[White "Buckyball"]
[Black "menelao"]
[WhiteElo "1507"]
[BlackElo "1279"]
[WhiteRD "na"]
[BlackRD "na"]
[TimeControl "120+12"]
[Date "1999.10.29"]
[Time "13:59:00"]
[WhiteClock "0:02:00.000"]
[BlackClock "0:02:00.000"]
[ECO "B81"]
[PlyCount "115"]
[Result "1-0"]

1. e4 c5 2. Nf3 e6 3. d4 cxd4 4. Nxd4 Nf6 5. Nc3 d6 6. g4 Nc6 7. g5 Nd7 8. Ndb5 Nce5 9. Nxd6+ Bxd6 10. Qxd6 Qe7 11. Qxe7+ Kxe7 12. Bd2 Nf3+ 13. Ke2 Nxd2 14. Kxd2 Rd8 15. Rd1 Ne5+ 16. Kc1 Rxd1+ 17. Kxd1 Nf3 18. h4 b6 19. Bg2 Ne5 20. f4 Nc4 21. Ke2 Ba6 22. Kf2 Rd8 23. Rd1 Nxb2 24. Rxd8 Kxd8 25. f5 Ke7 26. h5 Nc4 27. Bf1 b5 28. Bxc4 bxc4 29. Ke3 Bc8 30. fxe6 Bxe6 31. Kd4 Kd6 32. Nb5+ Ke7 33. Nxa7 f6 34. gxf6+ Kxf6 35. Nc6 Kg5 36. a4 Bd7 37. Kc5 Kxh5 38. a5 Bc8 39. Ne7 Ba6 40. Kb6 g5 41. Kxa6 g4 42. Nf5 Kg5 43. Kb5 h5 44. a6 h4 45. a7 h3 46. a8=Q h2 47. Ng3 Kf4 48. Qb8+ Kf3 49. Kxc4 Kg2 50. Kd4 h1=Q 51. Nxh1 Kxh1 52. Qh8+ Kg2 53. Qg7 g3 54. Qxg3+ Kxg3 55. e5 Kg4 56. e6 Kf5 57. e7 Kf6 58. e8=Q {Black resigns} 1-0

[Event "FICS rated lightning game"]
[Site "FICS freechess.org"]
[FICSGamesDBGameNo "20003256"]
[White "MDerby"]
[Black "kristy"]
[WhiteElo "1525"]
[BlackElo "1816"]
[WhiteRD "na"]
[BlackRD "na"]
[TimeControl "0+1"]
[Date "1999.10.29"]
[Time "13:28:00"]
[WhiteClock "0:10.000"]
[BlackClock "0:10.000"]
[ECO "A00"]
[PlyCount "90"]
[Result "0-1"]

1. b4 g6 2. Bb2 Nf6 3. Bxf6 exf6 4. b5 Bg7 5. c4 O-O 6. Nc3 f5 7. e3 a5 8. Nf3 b6 9. a4 c6 10. Be2 d5 11. cxd5 cxd5 12. O-O Bb7 13. d4 Nd7 14. Qb3 Nf6 15. Ne5 Ne4 16. Nc6 Qd6 17. Nxe4 fxe4 18. Rac1 h6 19. f3 exf3 20. Bxf3 Rac8 21. Bxd5 Bxc6 22. bxc6 Rc7 23. Qxb6 Re7 24. Qxa5 Rc7 25. Qxc7 Qxc7 26. Bxf7+ Qxf7 27. Rxf7 Rxf7 28. Rb1 Rf8 29. Rb7 Rc8 30. c7 Kh7 31. Rb8 Rxc7 32. Rh8+ Kxh8 33. Kf2 Ra7 34. Kf3 Rxa4 35. d5 Kh7 36. e4 Rd4 37. Kf4 g5+ 38. Kf5 h5 39. d6 Rxd6 40. e5 Bxe5 41. Kxe5 Rg6 42. Kf5 Kh6 43. g4 hxg4 44. Kxg4 Re6 45. h3 Kg6 {White resigns} 0-1

[Event "FICS rated blitz game"]
[Site "FICS freechess.org"]
[FICSGamesDBGameNo "20003255"]
[White "Maximus"]
[Black "Bobik"]
[WhiteElo "1469"]
[BlackElo "1472"]
[WhiteRD "na"]
[BlackRD "na"]
[TimeControl "120+12"]
[Date "1999.10.29"]
[Time "13:11:00"]
[WhiteClock "0:02:00.000"]
[BlackClock "0:02:00.000"]
[ECO "A29"]
[PlyCount "41"]
[Result "1-0"]

1. c4 e5 2. Nc3 Nf6 3. g3 d5 4. cxd5 Nxd5 5. Bg2 Be6 6. Nf3 Nc6 7. O-O Bc5 8. Nxe5 Nxe5 9. d4 Bxd4 10. Qxd4 Nxc3 11. Qxc3 Qf6 12. Qxc7 O-O 13. Bf4 Ng6 14. Bd6 Rfe8 15. Bxb7 Rad8 16. Bc6 Rc8 17. Qb7 Red8 18. Rfd1 Ne5 19. Be7 Rxd1+ 20. Rxd1 Qf5 21. Qxc8+ {Black resigns} 1-0

[Event "FICS rated blitz game"]
[Site "FICS freechess.org"]
[FICSGamesDBGameNo "20003254"]
[White "Cognito"]
[Black "Vectra"]
[WhiteElo "1636"]
[BlackElo "1449"]
[WhiteRD "na"]
[BlackRD "na"]
[TimeControl "120+12"]
[Date "1999.10.29"]
[Time "12:28:00"]
[WhiteClock "0:02:00.000"]
[BlackClock "0:02:00.000"]
[ECO "B22"]
[PlyCount "72"]
[Result "0-1"]

1. e4 c5 2. c3 Nf6 3. e5 Nd5 4. d4 e6 5. Bc4 Nc7 6. Nf3 b5 7. Bb3 Bb7 8. Be3 c4 9. Bc2 Nd5 10. O-O g6 11. Nbd2 Bg7 12. Ne4 O-O 13. Nd6 Bc6 14. Qd2 f5 15. Bh6 Ne7 16. Qg5 Bxf3 17. gxf3 Nbc6 18. Bxg7 Kxg7 19. f4 a6 20. f3 Nd5 21. Kf2 b4 22. cxb4 Ncxb4 23. Bb1 Qb6 24. Rd1 Nd3+ 25. Bxd3 cxd3 26. Rxd3 Qxb2+ 27. Kg3 Qxa1 28. h4 Qe1+ 29. Kh3 Qf1+ 30. Kh2 Qxd3 31. Qe7+ Kg8 32. Qxd7 Qe2+ 33. Kg3 Qe1+ 34. Kh3 Nxf4+ 35. Kh2 Qf2+ 36. Kh1 Qg2# {White checkmated} 0-1

[Event "FICS rated blitz game"]
[Site "FICS freechess.org"]
[FICSGamesDBGameNo "20003252"]
[White "igrulya"]
[Black "gauss"]
[WhiteElo "1858"]
[BlackElo "1897"]
[WhiteRD "na"]
[BlackRD "na"]
[TimeControl "180+0"]
[Date "1999.10.29"]
[Time "11:43:00"]
[WhiteClock "0:03:00.000"]
[BlackClock "0:03:00.000"]
[ECO "A62"]
[PlyCount "77"]
[Result "1-0"]

1. d4 Nf6 2. c4 c5 3. d5 e6 4. Nc3 exd5 5. cxd5 d6 6. Nf3 g6 7. g3 Bg7 8. Bg2 O-O 9. O-O a6 10. a4 b6 11. Bf4 Ra7 12. Nd2 Nh5 13. Be3 Re7 14. Nc4 Qc7 15. Qd2 Nd7 16. Bg5 Nhf6 17. Rfe1 Ne5 18. Nxe5 Rxe5 19. e4 Bd7 20. Bh6 Rfe8 21. Bxg7 Kxg7 22. f4 Rh5 23. Bf3 Bg4 24. Qe2 Bxf3 25. Qxf3 Qd7 26. Re2 b5 27. axb5 axb5 28. Rae1 b4 29. e5 dxe5 30. fxe5 Ng8 31. e6 fxe6 32. dxe6 Qd4+ 33. Kh1 Rf8 34. Qb7+ Kh8 35. e7 Nxe7 36. Qxe7 Rhf5 37. Nb5 Rf1+ 38. Rxf1 Rxf1+ 39. Kg2 {Black forfeits on time} 1-0

[Event "FICS rated blitz game"]
[Site "FICS freechess.org"]
[FICSGamesDBGameNo "20003251"]
[White "zealot"]
[Black "Marsel"]
[WhiteElo "1496"]
[BlackElo "1496"]
[WhiteRD "na"]
[BlackRD "na"]
[TimeControl "180+0"]
[Date "1999.10.29"]
[Time "10:40:00"]
[WhiteClock "0:03:00.000"]
[BlackClock "0:03:00.000"]
[ECO "C10"]
[PlyCount "110"]
[Result "0-1"]

1. e4 e6 2. d4 d5 3. Nc3 dxe4 4. Nxe4 Be7 5. Nf3 b6 6. Bd3 Bb7 7. O-O Nf6 8. Re1 Nbd7 9. c3 O-O 10. Qc2 c5 11. Nxf6+ Nxf6 12. Ne5 cxd4 13. Bg5 h6 14. Bf4 Qd5 15. f3 dxc3 16. Rad1 Qc5+ 17. Be3 Qxe5 18. Bxb6 Qb8 19. Bd4 Bd5 20. Bxc3 Bb4 21. a3 Bxc3 22. Qxc3 Qc8 23. Qd4 Qc6 24. Rc1 Qd6 25. Bc4 Rfd8 26. Bxd5 Qxd5 27. Qb4 Rab8 28. Qc3 Qd4+ 29. Qxd4 Rxd4 30. b4 Rbd8 31. Rc7 R8d7 32. Rxd7 Rxd7 33. Rc1 Kf8 34. Kf2 Ke8 35. Ke3 Kd8 36. h3 Rc7 37. Rd1+ Ke7 38. g4 Rc3+ 39. Kf4 Rxa3 40. Rc1 Nd5+ 41. Kg3 Nxb4 42. Rc7+ Kd6 43. Rxf7 Nd5 44. Rxg7 a5 45. Rh7 Re3 46. Rxh6 a4 47. h4 a3 48. Rh8 a2 49. Ra8 Re2 50. h5 Nc3 51. h6 Re1 52. h7 a1=Q 53. Rxa1 Rxa1 54. h8=Q Rg1+ 55. Kf2 Rd1 {White forfeits on time} 0-1

[Event "FICS rated blitz game"]
[Site "FICS freechess.org"]
[FICSGamesDBGameNo "20003249"]
[White "guidog"]
[Black "moridin"]
[WhiteElo "1805"]
[BlackElo "1802"]
[WhiteRD "na"]
[BlackRD "na"]
[TimeControl "180+0"]
[Date "1999.10.29"]
[Time "10:39:00"]
[WhiteClock "0:03:00.000"]
[BlackClock "0:03:00.000"]
[ECO "A85"]
[PlyCount "102"]
[Result "0-1"]

1. d4 f5 2. c4 Nf6 3. Nc3 d6 4. Nf3 g6 5. Bg5 Bg7 6. e3 O-O 7. Bd3 h6 8. Bh4 Nc6 9. a3 e5 10. d5 Ne7 11. Bc2 g5 12. Nxg5 hxg5 13. Bxg5 Qe8 14. h4 Kf7 15. h5 Neg8 16. Qf3 Nh6 17. O-O-O Ke7 18. c5 Qf7 19. cxd6+ cxd6 20. Qe2 Qe8 21. f4 e4 22. Qc4 Qd8 23. Nb5 Bd7 24. Qb4 Bxb5 25. Qxb5 Qd7 26. Qb4 Rfc8 27. Kb1 Kf8 28. Ba4 Qc7 29. Rc1 Qb6 30. Rxc8+ Rxc8 31. Qxb6 axb6 32. Rc1 Rxc1+ 33. Kxc1 Nxd5 34. Kd2 Nf7 35. Bb3 Ne7 36. Bxe7+ Kxe7 37. Bxf7 Kxf7 38. Ke2 Bxb2 39. a4 Bc3 40. Kf2 Kg7 41. Ke2 Kh6 42. g4 fxg4 43. Kf2 Kxh5 44. Kg3 Bd2 45. f5 Kg5 46. f6 Kxf6 47. Kxg4 Ke5 48. Kg3 Kd5 49. Kf4 b5 50. Kf5 bxa4 51. Kf6 Bxe3 {White resigns} 0-1

[Event "FICS rated blitz game"]
[Site "FICS freechess.org"]
[FICSGamesDBGameNo "20003247"]
[White "drbala"]
[Black "MasterXiangQi"]
[WhiteElo "937"]
[BlackElo "1577"]
[WhiteRD "na"]
[BlackRD "na"]
[TimeControl "180+12"]
[Date "1999.10.29"]
[Time "10:33:00"]
[WhiteClock "0:03:00.000"]
[BlackClock "0:03:00.000"]
[ECO "B00"]
[PlyCount "50"]
[Result "0-1"]

1. e4 Nc6 2. Qh5 Nf6 3. Qf3 Nd4 4. Qd3 e5 5. Ne2 Bc5 6. Nxd4 Bxd4 7. c3 Bb6 8. Na3 O-O 9. g3 d5 10. exd5 e4 11. Qc2 Qxd5 12. Bg2 Bf5 13. O-O Qe5 14. Re1 Bxf2+ 15. Kxf2 e3+ 16. Rxe3 Qxe3+ 17. dxe3 Bxc2 18. Bxb7 Rab8 19. Nxc2 Rxb7 20. Nd4 Re8 21. a4 Ng4+ 22. Kf3 Nxh2+ 23. Kg2 Ng4 24. Kf3 Ne5+ 25. Kf4 Nd3+ {White resigns} 0-1

[Event "FICS rated blitz game"]
[Site "FICS freechess.org"]
[FICSGamesDBGameNo "20003245"]
[White "Kolas"]
[Black "menthos"]
[WhiteElo "1591"]
[BlackElo "1547"]
[WhiteRD "na"]
[BlackRD "na"]
[TimeControl "180+0"]
[Date "1999.10.29"]
[Time "09:59:00"]
[WhiteClock "0:03:00.000"]
[BlackClock "0:03:00.000"]
[ECO "C47"]
[PlyCount "77"]
[Result "1-0"]

1. e4 Nc6 2. Nf3 e5 3. d4 exd4 4. Nxd4 Nf6 5. Nc3 Bb4 6. Bg5 Qe7 7. Nxc6 Qxe4+ 8. Qe2 Qxe2+ 9. Bxe2 Bxc3+ 10. bxc3 bxc6 11. O-O d6 12. Rfe1 O-O 13. Bf3 Bd7 14. Re7 Rad8 15. Rae1 d5 16. h4 Be6 17. Rxc7 Rb8 18. Rxa7 Rb2 19. Bd1 Ne4 20. Be7 Re8 21. Bb4 d4 22. Rxe4 dxc3 23. Bxc3 Rb5 24. a4 Rc5 25. Bd4 Rc4 26. f3 c5 27. Bxc5 Rxc5 28. a5 Rcc8 29. a6 Ra8 30. Rxa8 Rxa8 31. Ra4 Ra7 32. Be2 Bd7 33. Ra3 Bc6 34. c4 Ba8 35. c5 Kf8 36. Bd3 Ke8 37. Be4 Bxe4 38. fxe4 Kd7 39. Kf2 {Black forfeits on time} 1-0

[Event "FICS rated blitz game"]
[Site "FICS freechess.org"]
[FICSGamesDBGameNo "20003244"]
[White "Drale"]
[Black "orc"]
[WhiteElo "1508"]
[BlackElo "1490"]
[WhiteRD "na"]
[BlackRD "na"]
[TimeControl "180+0"]
[Date "1999.10.29"]
[Time "09:54:00"]
[WhiteClock "0:03:00.000"]
[BlackClock "0:03:00.000"]
[ECO "C00"]
[PlyCount "69"]
[Result "1-0"]

1. e4 e6 2. Nf3 d5 3. e5 f6 4. c4 d4 5. d3 c5 6. Be2 Nc6 7. exf6 Nxf6 8. Bg5 Be7 9. O-O O-O 10. Re1 Qc7 11. Nbd2 e5 12. Bxf6 Bxf6 13. Ne4 Be7 14. a3 Bg4 15. h3 Bd7 16. Nfg5 a5 17. Bg4 a4 18. Bxd7 Qxd7 19. Qh5 Qf5 20. g4 Qg6 21. Qxg6 hxg6 22. Ne6 Rf7 23. N6xc5 Bxc5 24. Nxc5 Raf8 25. Rf1 b6 26. Ne4 Rf3 27. Rad1 Rxh3 28. Kg2 Rh7 29. Ng5 Rh6 30. Ne6 Rf6 31. Ng5 Kf8 32. f4 exf4 33. Rde1 Rh4 34. Kf3 Ne7 35. Ne6+ {Black forfeits on time} 1-0

[Event "FICS rated blitz game"]
[Site "FICS freechess.org"]
[FICSGamesDBGameNo "20003243"]
[White "Dipsy"]
[Black "Martien"]
[WhiteElo "1499"]
[BlackElo "1553"]
[WhiteRD "na"]
[BlackRD "na"]
[TimeControl "180+0"]
[Date "1999.10.29"]
[Time "09:44:00"]
[WhiteClock "0:03:00.000"]
[BlackClock "0:03:00.000"]
[ECO "C03"]
[PlyCount "66"]
[Result "0-1"]

1. e4 e6 2. d4 d5 3. Nd2 Nc6 4. Bb5 dxe4 5. Nxe4 Qd5 6. Bxc6+ bxc6 7. Nc5 Bxc5 8. dxc5 Qxg2 9. Qf3 Qxf3 10. Nxf3 Nf6 11. Rg1 O-O 12. Bh6 Ne8 13. Rd1 Ba6 14. Rd7 Kh8 15. Bf4 Nf6 16. Rxc7 Nd5 17. Rxc6 Bb5 18. Rd6 Nxf4 19. Rg4 Ng6 20. Rgd4 Rfc8 21. b4 h6 22. Nd2 Ne7 23. Ne4 Nf5 24. c4 Nxd4 25. Rxd4 Bc6 26. b5 Bxe4 27. Rxe4 Rxc5 28. a4 Rac8 29. a5 Rxc4 30. Rxc4 Rxc4 31. b6 axb6 32. axb6 Rb4 33. b7 Rxb7 {White resigns} 0-1

[Event "FICS rated blitz game"]
[Site "FICS freechess.org"]
[FICSGamesDBGameNo "20003241"]
[White "markiboy"]
[Black "Brakman"]
[WhiteElo "1760"]
[BlackElo "1787"]
[WhiteRD "na"]
[BlackRD "na"]
[TimeControl "300+0"]
[Date "1999.10.29"]
[Time "09:29:00"]
[WhiteClock "0:05:00.000"]
[BlackClock "0:05:00.000"]
[ECO "C46"]
[PlyCount "99"]
[Result "1-0"]

1. e4 e5 2. Nf3 Nc6 3. Nc3 Bc5 4. Nxe5 Nxe5 5. d4 Bxd4 6. Qxd4 Nc6 7. Qxg7 Qf6 8. Qxf6 Nxf6 9. Bc4 Na5 10. Bb3 Nxb3 11. axb3 d6 12. Bg5 Nd7 13. Nd5 f6 14. Nxf6+ Nxf6 15. Bxf6 Rg8 16. g3 Bg4 17. h3 Bf3 18. O-O Kd7 19. Rfe1 Rge8 20. e5 Re6 21. Re3 Bc6 22. Rd1 Rae8 23. c3 a6 24. Kf1 Kc8 25. Rde1 Bd7 26. f4 dxe5 27. Bxe5 b5 28. f5 Rh6 29. g4 Rh4 30. c4 Rh6 31. c5 b4 32. Re4 Rc6 33. Rc4 a5 34. f6 Be6 35. Rce4 Rf8 36. g5 Bxh3+ 37. Kg1 Bf5 38. Rh4 Rxc5 39. Bd4 Rd5 40. Re5 Rxe5 41. Bxe5 Kd7 42. Rc4 c6 43. Rc5 Ra8 44. f7 Be6 45. Rxa5 Rf8 46. Ra7+ Kd8 47. Bf6+ Kc8 48. Ra8+ Kd7 49. Rxf8 Kd6 50. Rd8+ {Black resigns} 1-0

[Event "FICS rated blitz game"]
[Site "FICS freechess.org"]
[FICSGamesDBGameNo "20003240"]
[White "edix"]
[Black "Mil"]
[WhiteElo "1708"]
[BlackElo "1589"]
[WhiteRD "na"]
[BlackRD "na"]
[TimeControl "120+12"]
[Date "1999.10.29"]
[Time "09:13:00"]
[WhiteClock "0:02:00.000"]
[BlackClock "0:02:00.000"]
[ECO "A11"]
[PlyCount "70"]
[Result "0-1"]

1. c4 c6 2. g3 d5 3. Qc2 Nf6 4. Bg2 Bg4 5. Nf3 Bxf3 6. Bxf3 e6 7. O-O Qb6 8. b3 Nbd7 9. Bb2 Bd6 10. Nc3 Be5 11. Na4 Qc7 12. Bxe5 Nxe5 13. Bg2 O-O 14. d4 Ned7 15. Nc3 Rac8 16. e4 dxc4 17. bxc4 Nb6 18. e5 Nfd7 19. Ne4 c5 20. Nd6 Rcd8 21. Nxb7 Rb8 22. dxc5 Nxc5 23. Nxc5 Qxc5 24. Rac1 Qxe5 25. c5 Nd5 26. Rfe1 Qg5 27. h4 Qh5 28. Qc4 Rb4 29. Bxd5 Rxc4 30. Bxc4 Rc8 31. Red1 g6 32. Ba6 Rxc5 33. Rxc5 Qxc5 34. Bf1 Qc2 35. Rd8+ Kg7 {White resigns} 0-1

[Event "FICS rated blitz game"]
[Site "FICS freechess.org"]
[FICSGamesDBGameNo "20003239"]
[White "Timothon"]
[Black "Creator"]
[WhiteElo "1399"]
[BlackElo "1397"]
[WhiteRD "na"]
[BlackRD "na"]
[TimeControl "360+13"]
[Date "1999.10.29"]
[Time "08:07:00"]
[WhiteClock "0:06:00.000"]
[BlackClock "0:06:00.000"]
[ECO "B06"]
[PlyCount "56"]
[Result "0-1"]

1. e4 g6 2. d4 Bg7 3. c4 e6 4. Nc3 Ne7 5. f4 O-O 6. Nf3 d5 7. cxd5 exd5 8. e5 Bg4 9. Be2 Bf5 10. O-O Nbc6 11. a3 a6 12. b4 Qd7 13. b5 Nd8 14. bxa6 bxa6 15. Bd3 Ne6 16. Rb1 f6 17. Re1 fxe5 18. dxe5 d4 19. Bxf5 Rxf5 20. Bb2 Rd8 21. Ne4 Rxf4 22. Nf6+ Bxf6 23. exf6 Rxf6 24. Re4 Nf5 25. Qb3 Kf8 26. Ne5 Qd5 27. Qb4+ c5 28. Rxd4 Nfxd4 {White resigns} 0-1

[Event "FICS rated blitz game"]
[Site "FICS freechess.org"]
[FICSGamesDBGameNo "20003238"]
[White "domic"]
[Black "guidog"]
[WhiteElo "1732"]
[BlackElo "1788"]
[WhiteRD "na"]
[BlackRD "na"]
[TimeControl "180+0"]
[Date "1999.10.29"]
[Time "07:57:00"]
[WhiteClock "0:03:00.000"]
[BlackClock "0:03:00.000"]
[ECO "B12"]
[PlyCount "48"]
[Result "0-1"]

1. e4 c6 2. d4 d5 3. e5 Bf5 4. Nc3 e6 5. g4 Bg6 6. Nge2 c5 7. Nf4 Nc6 8. Nxg6 hxg6 9. Be3 Qb6 10. Na4 Qa5+ 11. c3 cxd4 12. Bxd4 Nxd4 13. Qxd4 Ne7 14. Qc5 Nc6 15. Qxa5 Nxa5 16. Bb5+ Nc6 17. Bxc6+ bxc6 18. Rc1 Rb8 19. b3 Ba3 20. Rb1 Rh3 21. b4 a5 22. Nc5 axb4 23. Na6 Rb6 24. Nxb4 c5 {White resigns} 0-1

[Event "FICS rated blitz game"]
[Site "FICS freechess.org"]
[FICSGamesDBGameNo "20003237"]
[White "roadcyclist"]
[Black "drbala"]
[WhiteElo "1204"]
[BlackElo "968"]
[WhiteRD "na"]
[BlackRD "na"]
[TimeControl "120+12"]
[Date "1999.10.29"]
[Time "07:03:00"]
[WhiteClock "0:02:00.000"]
[BlackClock "0:02:00.000"]
[ECO "B12"]
[PlyCount "49"]
[Result "1-0"]

1. e4 c6 2. d4 Qc7 3. e5 e6 4. Nf3 c5 5. c3 cxd4 6. cxd4 Nh6 7. Bxh6 gxh6 8. Bd3 Bb4+ 9. Nbd2 b6 10. O-O Bb7 11. Nc4 Bd5 12. Nd6+ Bxd6 13. exd6 Qxd6 14. Ne5 Nc6 15. Nxc6 Bxc6 16. Rc1 Rc8 17. Re1 Qd5 18. Be4 Qg5 19. d5 exd5 20. Bxd5+ Kd8 21. Bxc6 Rxc6 22. Rxc6 Rg8 23. g3 h5 24. Rd6 Qe7 25. Rxe7 {Black resigns} 1-0